 Dungeon Crawl Stone Soup version 0.23.2-1-ga50397a6bc (webtiles) character file.

Game seed: 6818256063157186833

424 Gargoyl the Skirmisher (level 6, -10/52 HPs)
             Began as a Centaur Abyssal Knight on May 9, 2019.
             Was a Believer of Lugonu.
             Mangled by an ogre
             ... wielding a +0 giant spiked club
              (29 damage)
             ... on level 4 of the Dungeon.
             The game lasted 00:07:04 (5034 turns).

Gargoyl the Skirmisher (Centaur Abyssal Knight)     Turns: 5034, Time: 00:07:05

Health: -10/52     AC:  8    Str: 15    XL:     6   Next: 64%
Magic:  8/8        EV:  5    Int: 11    God:    Lugonu [**....]
Gold:   220        SH:  0    Dex: 10    Spells: 5/5 levels left

rFire    . . .     SeeInvis .   a - +2 hand axe
rCold    . . .     Gourm    .   (no shield)
rNeg     . . .     Faith    .   e - +0 chain mail
rPois    .         Spirit   .   (no helmet)
rElec    .         Reflect  .   (no cloak)
rCorr    .         Harm     .   (no gloves)
MR       .....                  (no barding)
Stlth    ..........             f - amulet of magic regeneration
HPRegen  0.17/turn              (no ring)
MPRegen  0.36/turn              (no ring)

@: very quick
A: large, hooves 3, deformed body, speed 2, tough skin 3
a: Depart the Abyss, Bend Space, Renounce Religion


You were on level 4 of the Dungeon.
You worshipped Lugonu.
Lugonu was pleased with you.
You were not hungry.

You visited 1 branch of the dungeon, and saw 4 of its levels.
You visited the Abyss 1 time.

You collected 220 gold pieces.

Inventory:

Hand Weapons
 a - a +2 hand axe (weapon)
Armour
 e - a +0 chain mail (worn)
Jewellery
 f - an amulet of magic regeneration (around neck)
Wands
 n - a wand of acid (11)
Scrolls
 b - 2 scrolls of teleportation
 h - 3 scrolls of identify
 o - 2 scrolls of blinking
Potions
 d - a potion of resistance {unknown}
 g - a potion of mutation {unknown}
 i - 2 potions of lignification {unknown}
 j - 2 potions of agility {unknown}
 k - a potion of invisibility {unknown}
 l - a potion of heal wounds
 m - a potion of curing
 p - a potion of magic {unknown}
Comestibles
 c - 3 rations
 q - a chunk of flesh


   Skills:
 + Level 3.9 Fighting
 + Level 3.4 Axes
 * Level 3.4 Armour
 * Level 1.9 Dodging
 * Level 3.2 Invocations
 + Level 0.2 Evocations


You had 5 spell levels left.
You didn't know any spells.
Your spell library was empty.

Dungeon Overview and Level Annotations

Branches:
Dungeon (4/15)
 Temple: D:4-7

Altars:
Dithmenos
Kikubaaqudgha
Makhleb
Trog
Vehumet
Zin

Shops:
D:3 *


Innate Abilities, Weirdness & Mutations

You have hooves in place of feet.
Armour fits poorly on your strangely shaped body.
You cover ground very quickly.
You have extremely tough skin. (AC +3)


Message History

You kill the jackal!
Lugonu accepts your kill.
The jackal bites you but does no damage.
You completely miss the jackal.
The jackal bites you but does no damage.
You hit the jackal but do no damage. You kick the jackal.
You kill the jackal!
Lugonu accepts your kill.
The phantom hits you but does no damage.
Unknown command.
Unknown command.
You completely miss the phantom. Your kick misses the phantom.
The phantom is severely damaged.
The phantom hits you.
The phantom blinks!
Unknown command.
You closely miss the ogre.
A hound comes into view.
The ogre hits you with a +0 giant spiked club!!
Ouch! That really hurt!
You die...

............+.........'...
..........###)........##.#
..........#
############รท#
..........# #..
.......[..# ##.
........h.# #. #######+#.#
#. #.# #. #@# #. #O# ##
#W# # #.# ########## # #.#
#........# #######.##
#........# .........#
#........# .W.......#
#........# .........#
#........#


You could see a phantom, an ogre and a hound (wandering).

Vanquished Creatures
  Blork the orc (D:4)
  A scorpion (D:4)
  2 hounds (D:4)
  Jessica (D:2)
  Natasha (twice) (D:2)
  2 worker ants (D:4)
  4 adders
  An ooze (D:2)
  5 dart slugs
  A leopard gecko (D:2)
  4 orcs
  5 giant cockroaches
  5 goblins
  8 hobgoblins
  6 jackals
  8 kobolds
  5 quokkas
  A ball python (D:1)
  8 bats
  4 frilled lizards
  6 rats
  A bush (D:1)
  2 plants (D:1)
83 creatures vanquished.

Notes
Turn   | Place    | Note
-------+----------+-------------------------------------------
     0 | Abyss:1  | Gargoyl the Centaur Abyssal Knight began the quest for the
                  | Orb.
     0 | Abyss:1  | Reached XP level 1. HP: 19/19 MP: 2/2
    66 | Abyss:1  | Noticed an ice beast
    99 | Abyss:1  | Noticed a tentacled starspawn
   106 | Abyss:1  | Noticed a large abomination
   217 | Abyss:2  | Noticed a necromancer
   219 | Abyss:2  | Noticed a flayed ghost
   221 | D:1      | Escaped the Abyss
   880 | D:1      | Reached XP level 2. HP: 26/26 MP: 3/3
  1595 | D:2      | Reached skill level 1 in Dodging
  1791 | D:2      | Found a burning altar of Makhleb.
  1982 | D:2      | Reached XP level 3. HP: 27/31 MP: 4/4
  2033 | D:2      | Reached * piety under Lugonu
  2098 | D:2      | Noticed Natasha
  2113 | D:2      | Killed Natasha
  2362 | D:2      | Found a shadowy altar of Dithmenos.
  2539 | D:2      | Reached XP level 4. HP: 29/38 MP: 5/5
  2746 | D:2      | Noticed Natasha
  2754 | D:2      | Killed Natasha
  2929 | D:2      | Noticed Jessica
  2944 | D:2      | Killed Jessica
  3158 | D:3      | Reached XP level 5. HP: 37/45 MP: 6/6
  3210 | D:3      | Found a bloodstained altar of Trog.
  3254 | D:3      | Reached ** piety under Lugonu
  3295 | D:3      | Found a faded altar of an unknown god.
  3878 | D:3      | Found Zin's Purification Station.
  3881 | D:3      | Found a glowing silver altar of Zin.
  4040 | D:3      | Found a radiant altar of Vehumet.
  4049 | D:3      | Found an ancient bone altar of Kikubaaqudgha.
  4655 | D:4      | Reached XP level 6. HP: 48/52 MP: 8/8
  4928 | D:4      | Noticed Blork the orc
  4944 | D:4      | Killed Blork the orc
  5034 | D:4      | Mangled by an ogre

Skill      XL: |  1  2  3  4  5  6 |
---------------+-------------------+-----
Dodging        | 1 |  1.9
Axes           | 2 3 |  3.4
Armour         | 2 3 |  3.4
Invocations    | 3 |  3.2
Fighting       | |  3.9
Evocations     | |  0.2

Action                   |  1- 3 |  4- 6 || total
-------------------------+-------+-------++-------
Melee: Hand axe          |   251 |   154 ||   405
       Kick              |    61 |    25 ||    86
Invok: Depart the Abyss  |     1 |       ||     1
Evoke: Wand              |       |     8 ||     8
  Use: Scroll            |     4 |     4 ||     8
  Eat: Ration            |     1 |       ||     1
       Chunk             |       |     8 ||     8
Armor: Chain mail        |    86 |   134 ||   220
Dodge: Dodged            |    23 |    43 ||    66
